 Dungeon Crawl Stone Soup version 0.23-a0-171-g5ae17c6 (webtiles) character file.

36 grindst0ne the Insei (level 3, 0/28 HPs)
             Began as a Gnoll Transmuter on Sept 12, 2018.
             Succumbed to an adder's poison
             ... on level 2 of the Dungeon.
             The game lasted 00:02:01 (1238 turns).

grindst0ne the Insei (Gnoll Transmuter)             Turns: 1238, Time: 00:02:01

Health: 0/28       AC:  2    Str: 12    XL:     3   Next: 37%
Magic:  4/9        EV: 23    Int: 15    God:
Gold:   46         SH:  0    Dex: 21    Spells: 6/12 levels left

rFire    . . .     SeeInvis .     - Unarmed
rCold    . . .     Gourm    .   (shield currently unavailable)
rNeg     . . .     Faith    .   (armour currently unavailable)
rPois    x         Spirit   .   (helmet currently unavailable)
rElec    .         Reflect  .   (cloak currently unavailable)
rCorr    .         Harm     .   (gloves currently unavailable)
MR       .....                  (boots currently unavailable)
Stlth    ++........             (no amulet)
HPRegen  0.09/turn              (no ring)
MPRegen  0.11/turn              (no ring)

@: lethally poisoned (0 -> -3), spider-form
A: tiny, distributed training, strong nose
a: End Transformation


You were on level 2 of the Dungeon.
You were not hungry.
You were a venomous arachnid creature.
You visited 1 branch of the dungeon, and saw 2 of its levels.

You collected 46 gold pieces.

Inventory:

Hand Weapons
 e - a +0 dagger (melded)
Missiles
 a - 26 arrows
Armour
 b - a +0 robe (melded)
Wands
 g - a wand of paralysis (13)
Comestibles
 d - a ration


   Skills:
 + Level 2.6 Fighting
 + Level 0.7 Short Blades
 + Level 0.7 Long Blades
 + Level 0.7 Axes
 + Level 0.7 Maces & Flails
 + Level 0.7 Polearms
 + Level 0.7 Staves
 + Level 0.7 Slings
 + Level 0.7 Bows
 + Level 0.7 Crossbows
 + Level 0.7 Throwing
 + Level 0.7 Armour
 + Level 4.5 Dodging
 + Level 0.7 Stealth
 + Level 0.7 Shields
 + Level 6.5 Unarmed Combat
 + Level 5.0 Spellcasting
 + Level 0.5 Conjurations
 + Level 0.5 Hexes
 + Level 0.5 Charms
 + Level 0.5 Summonings
 + Level 0.5 Necromancy
 + Level 0.5 Translocations
 + Level 3.7 Transmutations
 + Level 0.5 Fire Magic
 + Level 0.5 Ice Magic
 + Level 0.5 Air Magic
 + Level 0.5 Earth Magic
 + Level 0.5 Poison Magic
 + Level 0.9 Invocations
 + Level 0.7 Evocations


You had 6 spell levels left.
You knew the following spells:

 Your Spells              Type           Power        Failure   Level  Hunger
a - Beastly Appendage     Tmut           ###...       12%         1    None
b - Sticks to Snakes      Tmut           ###.....     16%         2    ##.....
c - Spider Form           Tmut/Pois      ##........   41%         3    ###....

Your spell library contained the following spells:

 Spells                   Type           Power        Failure   Level  Hunger
 Ice Form                 Ice/Tmut       ##......     77%         4    ####...
 Blade Hands              Tmut           ###.......   85%         5    ######.


Dungeon Overview and Level Annotations

Branches:
Dungeon (2/15)

Altars:


Innate Abilities, Weirdness & Mutations

Your experience applies equally to all skills.
((You have very sharp teeth.))
Your uncanny sense of smell can sniff out nearby items.


Message History

You don't have any unidentified items.
The adder barely misses you. The adder bites you but does no damage.
* * * LOW HITPOINT WARNING * * *
You feel sick. The adder closely misses you.
* * * LOW HITPOINT WARNING * * *
You feel sick.
Your transformation is almost over.
The adder barely misses you.
You see here a stone.
You see here a stone.
* * * LOW HITPOINT WARNING * * *
You feel sick.
Casting: Beastly Appendage (safe; 3% risk of failure)
Confirm with . or Enter, or press ? or * to list all spells.
Your horns disappear.
You turn into a venomous arachnid creature.
Your +0 dagger melds into your body.
Your +0 robe melds into your body.
The adder closely misses you. x2
You die...

#......w.#
##........#
#.........#
#........##
#........#
#........#
######........#
#..SS(g.......#
#s#####.......#
#.# #.......#
#.### #..)....#
#...# #.......#
###.###########
#.........#
#......(..#
#......(..#
#####'#####


You could see 2 adders and a hobgoblin.

Vanquished Creatures
  An adder (D:2)
  A dart slug (D:1)
  A leopard gecko (D:1)
  6 bats
  A giant cockroach (D:1)
  A goblin (D:1)
  5 hobgoblins
  A ball python (D:2)
  3 frilled lizards (D:1)
  2 kobolds
  2 rats
24 creatures vanquished.

Vanquished Creatures (collateral kills)
  A bat (D:2)
1 creature vanquished.

Grand Total: 25 creatures vanquished

Notes
Turn   | Place    | Note
-------+----------+-------------------------------------------
     0 | D:1      | grindst0ne the Gnoll Transmuter began the quest for the
                  | Orb.
     0 | D:1      | Reached XP level 1. HP: 17/17 MP: 6/6
   161 | D:1      | Reached XP level 2. HP: 16/23 MP: 5/7
   173 | D:1      | Learned a level 2 spell: Sticks to Snakes
  1023 | D:2      | Reached skill level 5 in Spellcasting
  1023 | D:2      | Reached XP level 3. HP: 19/28 MP: 6/9
  1047 | D:2      | Learned a level 3 spell: Spider Form
  1231 | D:2      | HP: 1/28 [poisoned by an adder]
  1238 | D:2      | Succumbed to an adder's poison

Vault maps used:
D:1:      minmay_arrival_statue_studded
D:2:      first_ration

Skill      XL: |  1  2 |
---------------+-------+-----
Spellcasting   | 5 |  5.0
Fighting       | |  2.6
Short Blades   | |  0.7
Long Blades    | |  0.7
Axes           | |  0.7
Maces & Flails | |  0.7
Polearms       | |  0.7
Staves         | |  0.7
Slings         | |  0.7
Bows           | |  0.7
Crossbows      | |  0.7
Throwing       | |  0.7
Armour         | |  0.7
Dodging        | |  4.5
Stealth        | |  0.7
Shields        | |  0.7
Unarmed Combat | |  6.5
Conjurations   | |  0.5
Hexes          | |  0.5
Charms         | |  0.5
Summonings     | |  0.5
Necromancy     | |  0.5
Translocations | |  0.5
Transmutations | |  3.7
Fire Magic     | |  0.5
Ice Magic      | |  0.5
Air Magic      | |  0.5
Earth Magic    | |  0.5
Poison Magic   | |  0.5
Invocations    | |  0.9
Evocations     | |  0.7

Action                   || total
-------------------------++-------
Melee: Unarmed           ||    16
       Headbutt          ||     2
       Dagger            ||    57
       Bite              ||     8
       Kick              ||    10
 Cast: Beastly Appendage ||    10
       Sticks to Snakes  ||     2
       Spider Form       ||     1
  Use: Scroll            ||     1
 Stab: Sleeping          ||     3
  Eat: Chunk             ||     1
Armor: Robe              ||    26
Dodge: Dodged            ||   108

Table legend:
 A = Non-vault XP
 B = Vault XP
 C = Vault XP percentage of total XP
 D = Non-vault monster count
 E = Vault monster count
 F = Vault count percentage of total count
                 A         B        C        D         E       F
            +---------+---------+-------+---------+---------+-------
      Total |      52 |       0 |   0.0 |      25 |       0 |   0.0
            +---------+---------+-------+---------+---------+-------
        D:1 |      30 |       0 |   0.0 |      18 |       0 |   0.0
        D:2 |      22 |       0 |   0.0 |       7 |       0 |   0.0
            +---------+---------+-------+---------+---------+-------
